 Dungeon Crawl Stone Soup version 0.32-a0-560-g4c7f4391e0 (webtiles) character file.

Game seed: 9398834212064528561

19 javelincjr the Grasshopper (level 2, -4/22 HPs)
             Began as a Demonspawn Warper on Feb 29, 2024.
             Slain by Sigmund
             ... wielding a +3 scythe of protection
              (13 damage)
             ... on level 2 of the Dungeon.
             The game lasted 00:04:04 (1113 turns).

javelincjr the Grasshopper (Demonspawn Warper)      Turns: 1113, Time: 00:04:04

Health: -4/22      AC:  3    Str: 11    XL:     2   Next: 55%
Magic:  5/5        EV: 11    Int: 13    God:
Gold:   20         SH:  0    Dex: 12    Spells: 5/5 levels left

rFire   . . .        a - +0 spear
rCold   . . .        (no shield)
rNeg    . . .        b - +0 leather armour
rPois   .            (no helmet)
rElec   .            (no cloak)
rCorr   .            (no gloves)
SInv    +            (no boots)
Will    .....        (no amulet)
Stlth   +            k - ring of see invisible
HPRegen 0.23/turn    (no ring)
MPRegen 0.18/turn

%: no passive effects
@: no status effects
A: magic regeneration
a: no special abilities


You were on level 2 of the Dungeon.
You visited 1 branch of the dungeon, and saw 2 of its levels.

You collected 20 gold pieces.

Inventory:

Hand Weapons
 a - a +0 spear (weapon)
Missiles
 d - 6 darts of dispersal (quivered)
Armour
 b - a +0 leather armour (worn)
Jewellery
 k - a ring of see invisible (left hand)
Scrolls
 c - a scroll of blinking
 h - a scroll of immolation {unknown}
Potions
 e - a potion of heal wounds {unknown}
 f - a potion of curing {unknown}
 i - 2 potions of ambrosia {unknown}


   Skills:
 + Level 2.2 Fighting
 + Level 2.0 Polearms
 - Level 1.0 Throwing
 + Level 1.1 Armour
 + Level 2.0 Dodging
 + Level 2.2 Spellcasting
 + Level 2.8 Translocations


You had 5 spell levels left.
You didn't know any spells.
Your spell library contained the following spells:

 Spells                   Type           Power      Damage    Failure   Level
 Blink                    Tloc           16%        N/A       16%         2
 Lesser Beckoning         Tloc           16%        N/A       16%         2
 Teleport Other           Tloc           8%         N/A       30%         3
 Manifold Assault         Tloc           8%         N/A       71%         4
 Vhi's Electric Charge    Tloc/Air       10%        N/A       88%         4


Dungeon Overview and Level Annotations

Branches:
Dungeon (2/15)

Altars:

Shops:
D:1 =

Annotations:
D:2 Sigmund


Innate Abilities, Weirdness & Mutations

You regenerate magic rapidly.


Message History

Press: ? - help, Q - select action Shift-Dir - straight line, f/p - Sigmund
Aim: Sigmund, wielding a +3 scythe of protection and wearing a +0 robe (lightly wounded, poisoned, 50% to hit)
You throw a dart of dispersal. The dart of dispersal hits Sigmund.
Sigmund blinks!
Sigmund is lightly wounded.
Sigmund points at you and mumbles some strange words.
The puff of flame hits you. Sigmund gestures at you while chanting.
You resist with significant effort.
Sigmund looks more healthy.
Sigmund gestures at you while chanting.
You are confused.
You bump into the rock wall.
Sigmund points at you and mumbles some strange words.
The magic dart hits you.
You bump into the rock wall.
Sigmund barely misses you.
You bump into the rock wall.
Sigmund hits you but does no damage.
You bump into the rock wall.
You feel less confused.
You closely miss Sigmund.
Sigmund is lightly wounded.
Sigmund barely misses you.
You hit Sigmund but do no damage.
Sigmund is lightly wounded.
Sigmund hits you with a +3 scythe of protection.
You hit Sigmund.
Sigmund is moderately wounded.
You barely miss Sigmund.
Sigmund is moderately wounded.
Sigmund barely misses you.
You closely miss Sigmund.
Sigmund is moderately wounded.
Sigmund casts a spell at you. The puff of flame misses you.
You barely miss Sigmund.
Sigmund is moderately wounded.
Sigmund hits you with a +3 scythe of protection!
Ouch! That really hurt!
You die...
Sigmund begins carving another notch in his scythe.

..# #.# .############.##.#
..............##.# #######
(####.#.#.######.# .......
#..###.## #.#####.[.....
##.#####.####.##..........
#.....#.....@@.((#........
##.##.#..#######).........
##.#.#.## ##.#.......
##....# #.#....... ##<#.#
#.#..(.... #.#.#
#.#....... #†#.#
#.#####.## #.#># #.# .#
#.#.# #.#


You could see Sigmund.

Vanquished Creatures
  An orc (D:2)
  3 goblins
  4 hobgoblins (D:1)
  2 ball pythons
  2 bats (D:1)
  2 kobolds (D:1)
  4 rats
18 creatures vanquished.

Notes
Turn   | Place    | Note
-------+----------+-------------------------------------------
     0 | D:1      | javelincjr the Demonspawn Warper began the quest for the
                  | Orb.
     0 | D:1      | Reached XP level 1. HP: 16/16 MP: 3/3
   137 | D:1      | Reached skill level 1 in Armour
   168 | D:1      | Reached skill level 1 in Throwing
   180 | D:1      | Gained mutation: You regenerate magic rapidly. [demonic
                  | ancestry]
   180 | D:1      | Reached XP level 2. HP: 17/22 MP: 5/5
   348 | D:1      | Found Magusini's Jewellery Shop.
  1074 | D:2      | Noticed Sigmund
  1113 | D:2      | Slain by Sigmund

Illustrated notes

Levels and vault maps discovered:
D:1:      minmay_arrival_jagged, layout_basic, serial_shops, shop
D:2:      layout_loops_ring, nicolae_ecumenical_snake_handling, serial_shops,
          nicolae_shop_advertising_works [nicolae_subvault_shop_adworks],
          uniq_sigmund

Skill      XL: |  1  2 |
---------------+-------+-----
Armour         | 1 |  1.1
Throwing       | 1 |  1.0
Polearms       | 2 |  2.0
Dodging        | 2 |  2.0
Fighting       | |  2.2
Spellcasting   | |  2.2
Translocations | |  2.8

Action                     || total
---------------------------++-------
  Melee: Spear             ||    84
  Throw: Dart              ||     5
         Throwing net      ||     1
   Stab: Sleeping          ||     3
 Armour: Leather armour    ||    34
  Dodge: Dodged            ||    42

Table legend: (Time is in decaauts)
 A = Elapsed time spent in this place.
 B = Non-inter-level travel time spent in this place.
 C = Inter-level travel time spent in this place.
 D = Time resting spent in this place.
 E = Time spent auto-exploring this place.
 F = Levels seen in this place.
 G = Mean time per level.
                   A        B        C        D        E       F      G
               +--------+--------+--------+--------+--------+-----+--------+
         Total |   1112 |   1065 |     47 |      0 |    871 |   2 |  556.0 |
       Dungeon |   1112 |   1065 |     47 |      0 |    871 |   2 |  556.0 |
               +--------+--------+--------+--------+--------+-----+--------+

Top non-repeatable levels by time:
     D:1: 933 daAuts
     D:2: 179 daAuts
